[Event "FIDE WCCC Open-08 2024"]
[Site "Montesilvano"]
[Date "2024.11.18"]
[Round "4.6"]
[White "Nurshin, Nurali"]
[Black "Zhang, Yangming"]
[Result "0-1"]
[ECO "B33"]
[WhiteElo "1612"]
[BlackElo "1770"]
[Annotator "NA RC"]
[PlyCount "106"]
[EventDate "2024.11.18"]
[EventType "swiss"]
[EventCountry "ITA"]
[SourceTitle "playchess.com"]
[Source "ChessBase"]
[SourceQuality "1"]
[TimeControl "5400+30"]

1. e4 c5 2. Nf3 Nc6 3. d4 cxd4 4. Nxd4 Nf6 5. Nc3 e5 6. Ndb5 d6 7. Nd5 Nxd5 8. exd5 Nb8 9. a4 Be7 10. Bd2 O-O 11. a5 a6 12. Na3 f5 13. Nc4 Nd7 14. Bb4 Qc7 15. Qd2 f4 16. O-O-O Nc5 17. Kb1 Rd8 18. h4 Bf5 19. Be2 Rac8 20. Bxc5 Qxc5 21. g4 Be4 22. Rh3 Qxf2 23. g5 Bg2 24. Rb3 Qxh4 25. Rxb7 Bxg5 26. Bd3 f3 27. Qb4 f2 28. b3 Qg4 29. Nb2 Qxb4 30. Rxb4 e4 31. Bxa6 e3 32. Rg4 Bf3 33. Rxg5 Bxd1 34. Nxd1 Re8 35. Rf5 g6 36. Rf3 e2 37. Bxe2 Rxe2 38. Nxf2 Rcxc2 39. Nd3 Rcd2 40. a6 Ra2 41. Nb4 Ra5 42. Rf4 g5 43. Rc4 h5 44. Rc7 Re4 45. a7 Rxb4 46. Rc8+ Kf7 47. a8=Q Rxa8 48. Rxa8 Rxb3+ 49. Kc2 Rb5 50. Kd3 Rxd5+ 51. Ke4 Re5+ 52. Kd4 h4 53. Rd8 Ke6 0-1

[Event "FIDE WCCC Open-08 2024"]
[Site "Montesilvano"]
[Date "2024.11.18"]
[Round "4.7"]
[White "Kapitanski, Furion"]
[Black "Bausys, Benas"]
[Result "1/2-1/2"]
[ECO "C42"]
[WhiteElo "1707"]
[BlackElo "1564"]
[Annotator "NA RC"]
[PlyCount "172"]
[EventDate "2024.11.18"]
[EventType "swiss"]
[EventCountry "ITA"]
[SourceTitle "playchess.com"]
[Source "ChessBase"]
[SourceQuality "1"]
[TimeControl "5400+30"]

1. e4 e5 2. Nf3 Nf6 3. Nxe5 d6 4. Nf3 Nxe4 5. d4 d5 6. Bd3 Bd6 7. O-O O-O 8. Re1 Bf5 9. c4 c6 10. c5 Bc7 11. b4 a6 12. Qc2 Bg6 13. Nbd2 f5 14. Qb3 Nd7 15. Nxe4 fxe4 16. Bxe4 Bxe4 17. Rxe4 Kh8 18. Re6 Nf6 19. Bg5 Qd7 20. Re2 Ne4 21. Bh4 Qg4 22. Bg3 Bxg3 23. fxg3 Nxg3 24. hxg3 Rxf3 25. Qxf3 Qxd4+ 26. Qe3 Qxa1+ 27. Re1 Qf6 28. Qe8+ Qf8 29. Qd7 Rb8 30. Re7 h6 31. Qc7 Kh7 32. Kh2 a5 33. bxa5 Ra8 34. Rf7 Qg8 35. Rd7 d4 36. Rxd4 Qxa2 37. Qxb7 Rxa5 38. Qxc6 Qc2 39. Rd5 Qe4 40. Rd6 Qe2 41. Qd5 Qc2 42. Rd8 Qxc5 43. Qxc5 Rxc5 44. Rd4 Rc3 45. Rd6 h5 46. Kh3 g6 47. Rd4 Kh6 48. Rd5 Re3 49. Rc5 Re4 50. Rd5 Rg4 51. Rc5 Rg5 52. Rc7 Re5 53. g4 Kg5 54. gxh5 Kxh5 55. Rg7 Re3+ 56. g3 Kg5 57. Rg8 Re6 58. Rd8 Re5 59. Rg8 Kf5 60. Rf8+ Kg5 61. Rg8 Re7 62. Rf8 Rh7+ 63. Kg2 Ra7 64. Rf1 Ra4 65. Rf2 Kh5 66. Kh3 g5 67. Rg2 Ra3 68. Kh2 Kg4 69. Rg1 Ra2+ 70. Rg2 Ra1 71. Rf2 Re1 72. Rg2 Kf3 73. Ra2 Re2+ 74. Rxe2 Kxe2 75. g4 Kf3 76. Kh3 Kf4 77. Kh2 Kxg4 78. Kg2 Kf4 79. Kf2 g4 80. Kg2 g3 81. Kg1 Kf3 82. Kf1 Kf4 83. Kg2 Kg4 84. Kg1 Kh3 85. Kh1 g2+ 86. Kg1 Kg3 1/2-1/2

[Event "FIDE WCCC Open-08 2024"]
[Site "Montesilvano"]
[Date "2024.11.18"]
[Round "4.8"]
[White "Stankowski, Wiktor"]
[Black "Jia, Zining (Matthew)"]
[Result "0-1"]
[ECO "B33"]
[WhiteElo "1617"]
[BlackElo "1550"]
[Annotator "NA RC"]
[PlyCount "146"]
[EventDate "2024.11.18"]
[EventType "swiss"]
[EventCountry "ITA"]
[SourceTitle "playchess.com"]
[Source "ChessBase"]
[SourceQuality "1"]
[TimeControl "5400+30"]

1. e4 c5 2. Nf3 e6 3. d4 cxd4 4. Nxd4 Nf6 5. Nc3 Nc6 6. Ndb5 d6 7. Bf4 e5 8. Bg5 a6 9. Na3 Be7 10. Bxf6 Bxf6 11. Nc4 Be7 12. Nd5 b5 13. Nxe7 Kxe7 14. Ne3 Re8 15. Qd5 Qc7 16. Be2 Be6 17. Qd2 h6 18. Bg4 Kf8 19. O-O Rad8 20. f3 Qa7 21. Kh1 Qc5 22. Rad1 Bxg4 23. fxg4 Rd7 24. c3 Red8 25. b4 Qb6 26. Rf2 a5 27. a3 axb4 28. axb4 Ne7 29. Qa2 Ng6 30. Rdf1 Qb7 31. h3 Nf4 32. Nf5 Qxe4 33. Kh2 Qd5 34. Qxd5 Nxd5 35. Rc1 Nf4 36. Rd2 d5 37. g3 Ne6 38. Re2 f6 39. Rf1 Kg8 40. h4 Kh7 41. Rd2 Rc8 42. Ne3 d4 43. cxd4 Nxd4 44. Kg2 Rdc7 45. Nf5 Rc2 46. Rff2 Rxd2 47. Rxd2 Nxf5 48. gxf5 Rc4 49. Rb2 g6 50. fxg6+ Kxg6 51. Kh3 h5 52. Kg2 Kf5 53. Rf2+ Ke6 54. Rb2 e4 55. Kf2 f5 56. Rb3 Ke5 57. Ke3 Rd4 58. Rc3 Rxb4 59. Rc5+ Ke6 60. Kf4 Rb3 61. Re5+ Kd6 62. Re8 Rf3+ 63. Kg5 e3 64. Kg6 b4 65. Kxh5 Rxg3 66. Kh6 b3 67. h5 b2 68. Rb8 e2 69. Kh7 e1=Q 70. h6 Qe7+ 71. Kh8 Qf6+ 72. Kh7 Qg6+ 73. Kh8 Qxh6# 0-1

[Event "FIDE WCCC Open-08 2024"]
[Site "Montesilvano"]
[Date "2024.11.18"]
[Round "4.9"]
[White "Huzela, Lukyan"]
[Black "Hu, Junyan"]
[Result "0-1"]
[ECO "B40"]
[WhiteElo "1651"]
[BlackElo "1924"]
[Annotator "RC"]
[PlyCount "96"]
[EventDate "2024.11.18"]
[EventType "swiss"]
[EventCountry "ITA"]
[SourceTitle "playchess.com"]
[Source "ChessBase"]
[SourceQuality "1"]
[TimeControl "5400+30"]

1. e4 c5 2. Nf3 e6 3. c4 Nc6 4. Nc3 Nd4 5. d3 Ne7 6. Be2 Nec6 7. O-O Be7 8. Be3 a6 9. Qd2 O-O 10. b3 Qa5 11. Kh1 Bf6 12. Rac1 d6 13. Ng1 b5 14. f4 Nxe2 15. Ngxe2 Nd4 16. Nxd4 Bxd4 17. Bxd4 cxd4 18. Nb1 Qxd2 19. Nxd2 Bd7 20. Nf3 Rfc8 21. Nxd4 f6 22. Rc2 e5 23. Ne2 b4 24. Rd2 Bc6 25. Ng3 Bb7 26. d4 Rd8 27. f5 a5 28. Rfd1 Re8 29. Kg1 a4 30. dxe5 Rxe5 31. Rxd6 Bxe4 32. Re6 Rxe6 33. fxe6 axb3 34. axb3 Bc2 35. Re1 Bxb3 36. e7 Ba4 37. Nf5 b3 38. Nd6 b2 39. Rb1 Rb8 40. c5 g6 41. Kf2 Kg7 42. g4 g5 43. Ke3 Be8 44. Ke4 Bg6+ 45. Nf5+ Bxf5+ 46. Kxf5 Kf7 47. e8=Q+ Rxe8 48. Rxb2 Re5# 0-1

[Event "FIDE WCCC Open-08 2024"]
[Site "Montesilvano"]
[Date "2024.11.18"]
[Round "4.10"]
[White "Pham, Han Nam"]
[Black "Adilbek, Adinur"]
[Result "0-1"]
[ECO "B13"]
[WhiteElo "1912"]
[BlackElo "1651"]
[Annotator "RC"]
[PlyCount "210"]
[EventDate "2024.11.18"]
[EventType "swiss"]
[EventCountry "ITA"]
[SourceTitle "playchess.com"]
[Source "ChessBase"]
[SourceQuality "1"]
[TimeControl "5400+30"]

1. d4 Nf6 2. c4 c5 3. e3 cxd4 4. exd4 d5 5. g3 Nc6 6. Bg2 e6 7. Nf3 Bb4+ 8. Bd2 O-O 9. O-O dxc4 10. Bxb4 Nxb4 11. Ne5 Nbd5 12. Nxc4 b5 13. Ne5 Bb7 14. Nd2 Rc8 15. Nb3 Ba8 16. Qe2 b4 17. Rac1 Qe7 18. h3 Qb7 19. f4 Rxc1 20. Rxc1 Rc8 21. Rxc8+ Qxc8 22. Nc5 h5 23. h4 Nb6 24. Bh3 Qd8 25. Qf2 Qd6 26. b3 Kf8 27. Kf1 Ne4 28. Nxe4 Bxe4 29. f5 exf5 30. Bxf5 Bd5 31. Qf4 Kg8 32. Qg5 Qc7 33. Bd3 f6 34. Qg6 Kf8 35. Qf5 Qc8 36. Ng6+ Kf7 37. Qxh5 Qh3+ 38. Ke2 Qg2+ 39. Ke1 Qxg3+ 40. Kd2 Qh2+ 41. Qe2 Qc7 42. Qh5 Qh2+ 43. Be2 Qg3 44. Nf4+ Ke7 45. Ng6+ Kf7 46. Ne5+ Ke7 47. Nd3 g6 48. Qh7+ Bf7 49. Qh6 Nd5 50. Bd1 Qh2+ 51. Be2 Qg3 52. Kc2 Qc7+ 53. Nc5 Qg3 54. Qd2 g5 55. hxg5 Bg6+ 56. Bd3 Bxd3+ 57. Nxd3 Qxg5 58. Qe1+ Qe3 59. Qh1 Qe2+ 60. Kc1 Qxd3 61. Qxd5 Qc3+ 62. Kd1 Qd3+ 63. Ke1 Qb1+ 64. Kd2 Qxa2+ 65. Kd3 Qa6+ 66. Kd2 Qb6 67. Qe4+ Kd6 68. Kd3 Qb5+ 69. Ke3 Qc6 70. Qf4+ Ke7 71. Qb8 Qb6 72. Qh8 Qe6+ 73. Kf4 Qxb3 74. Qg7+ Qf7 75. Qg2 b3 76. Qb7+ Kf8 77. Qc8+ Kg7 78. Qg4+ Kf8 79. Qc8+ Kg7 80. Qg4+ Qg6 81. Qd7+ Kh6 82. Qh3+ Qh5 83. Qxb3 Qh4+ 84. Kf5 Qg5+ 85. Ke4 Qg4+ 86. Kd3 Qg3+ 87. Kc4 Qxb3+ 88. Kxb3 Kg6 89. d5 Kf7 90. Kc4 Ke7 91. Kd4 Kd6 92. Ke4 a5 93. Kf5 a4 94. Kxf6 a3 95. Kf5 a2 96. Ke4 a1=Q 97. Kd3 Kxd5 98. Ke3 Qf1 99. Kd2 Kc4 100. Ke3 Kd5 101. Kd2 Kd4 102. Kc2 Qd3+ 103. Kc1 Qe2 104. Kb1 Kc3 105. Ka1 Qb2# 0-1

[Event "FIDE WCCC Open-08 2024"]
[Site "Montesilvano"]
[Date "2024.11.18"]
[Round "4.11"]
[White "Cherem, Yoseph"]
[Black "Xu, Zhihan (Samuel)"]
[Result "0-1"]
[ECO "D45"]
[WhiteElo "1634"]
[BlackElo "1881"]
[Annotator "NA RC"]
[PlyCount "84"]
[EventDate "2024.11.18"]
[EventType "swiss"]
[EventCountry "ITA"]
[SourceTitle "playchess.com"]
[Source "ChessBase"]
[SourceQuality "1"]
[TimeControl "5400+30"]

1. d4 d5 2. c4 c6 3. Nc3 Nf6 4. Nf3 e6 5. e3 Nbd7 6. a3 Bd6 7. g3 O-O 8. Bg2 dxc4 9. O-O e5 10. Nd2 Nb6 11. Qc2 exd4 12. exd4 Be6 13. Na4 Nxa4 14. Qxa4 Bd5 15. Qc2 b5 16. a4 Qb6 17. axb5 cxb5 18. Bxd5 Nxd5 19. Nf3 f5 20. Bd2 g6 21. Rfe1 Rfe8 22. b3 c3 23. Rxe8+ Rxe8 24. Bh6 Bf8 25. Qc1 Bxh6 26. Qxh6 Nf6 27. Rc1 Ng4 28. Qf4 Re4 29. Qg5 h6 30. Qh4 Ne5 31. dxe5 Rxh4 32. Nxh4 Qd4 33. Nf3 Qd3 34. Kg2 b4 35. e6 Kf8 36. h4 Qd5 37. e7+ Kxe7 38. Re1+ Kf6 39. Rb1 c2 40. Rc1 Qd1 41. Rxd1 cxd1=Q 42. Nh2 Qxb3 0-1

[Event "FIDE WCCC Open-08 2024"]
[Site "Montesilvano"]
[Date "2024.11.18"]
[Round "4.12"]
[White "Mani, Sarbartho"]
[Black "Nguyen Phuc Cao Danh"]
[Result "1-0"]
[ECO "C18"]
[WhiteElo "1824"]
[BlackElo "1627"]
[Annotator "NA RC"]
[PlyCount "71"]
[EventDate "2024.11.18"]
[EventType "swiss"]
[EventCountry "ITA"]
[SourceTitle "playchess.com"]
[Source "ChessBase"]
[SourceQuality "1"]
[TimeControl "5400+30"]

1. e4 e6 2. d4 d5 3. Nc3 Bb4 4. e5 c5 5. a3 cxd4 6. axb4 dxc3 7. bxc3 Qc7 8. f4 Qxc3+ 9. Bd2 Qc7 10. Nf3 Ne7 11. Bd3 Nd7 12. O-O Nb6 13. Qe2 Nc4 14. Bc3 g6 15. Kh1 Bd7 16. Nd4 Rg8 17. Be1 h6 18. Bh4 g5 19. fxg5 Qxe5 20. Qf2 O-O-O 21. Bg3 Qxg5 22. Bh4 Qg7 23. Bxc4 Nc6 24. Bf6 Qg4 25. Be2 Qg6 26. Bd3 Qg4 27. Nxc6 Bxc6 28. b5 Be8 29. h3 Qh5 30. Qc5+ Kb8 31. Rf5 b6 32. Be5+ Ka8 33. Rxa7+ Kxa7 34. Qc7+ Ka8 35. Qxd8+ Kb7 36. Qb8# 1-0

[Event "FIDE WCCC Open-08 2024"]
[Site "Montesilvano"]
[Date "2024.11.18"]
[Round "4.13"]
[White "Protopopescu, Luca"]
[Black "Khantulga, Tuvshinbayar"]
[Result "1-0"]
[ECO "C50"]
[WhiteElo "1818"]
[BlackElo "1611"]
[Annotator "NA RC"]
[PlyCount "103"]
[EventDate "2024.11.18"]
[EventType "swiss"]
[EventCountry "ITA"]
[SourceTitle "playchess.com"]
[Source "ChessBase"]
[SourceQuality "1"]
[TimeControl "5400+30"]

1. e4 e5 2. Nf3 Nc6 3. Bc4 Nf6 4. Nc3 Bc5 5. O-O d6 6. h3 O-O 7. d3 h6 8. Be3 Bb6 9. d4 exd4 10. Nxd4 Ne5 11. Be2 d5 12. f4 Nc6 13. e5 Ne4 14. Nxe4 dxe4 15. c3 Bd7 16. Rc1 Qc8 17. Qc2 Nxd4 18. Bxd4 c5 19. Be3 Bc6 20. c4 Qc7 21. Rfd1 Rad8 22. Rxd8 Rxd8 23. Rd1 Rd4 24. Bxd4 cxd4 25. c5 d3 26. Qc3 dxe2 27. Re1 Ba5 28. b4 Bb6 29. cxb6 Qxb6+ 30. Qc5 Qxc5+ 31. bxc5 Bb5 32. Kf2 Kf8 33. Ke3 Bd3 34. Rxe2 Bxe2 35. Kxe2 f5 36. exf6 gxf6 37. Ke3 f5 38. g4 fxg4 39. hxg4 Kf7 40. Kxe4 a5 41. a4 Kf6 42. Kd5 Ke7 43. g5 h5 44. f5 Kf7 45. Ke4 Kg7 46. Kf4 b5 47. cxb6 Kg8 48. b7 h4 49. b8=Q+ Kh7 50. g6+ Kg7 51. Kg5 h3 52. f6# 1-0

[Event "FIDE WCCC Open-08 2024"]
[Site "Montesilvano"]
[Date "2024.11.18"]
[Round "4.14"]
[White "Ayaan Phutane"]
[Black "Movsisyan, Samvel"]
[Result "1-0"]
[ECO "E36"]
[WhiteElo "1796"]
[BlackElo "1604"]
[Annotator "NA RC"]
[PlyCount "85"]
[EventDate "2024.11.18"]
[EventType "swiss"]
[EventCountry "ITA"]
[SourceTitle "playchess.com"]
[Source "ChessBase"]
[SourceQuality "1"]
[TimeControl "5400+30"]

1. d4 Nf6 2. c4 e6 3. Nc3 Bb4 4. Qc2 O-O 5. a3 Bxc3+ 6. Qxc3 d5 7. e3 c6 8. b4 Nbd7 9. Nf3 a5 10. Bb2 Nb6 11. c5 Na4 12. Qc2 Nxb2 13. Qxb2 axb4 14. axb4 Bd7 15. Bd3 Qc7 16. O-O b6 17. Ne5 bxc5 18. bxc5 Rfb8 19. Rxa8 Rxa8 20. Rb1 Bc8 21. Qb6 Qxb6 22. Rxb6 Nd7 23. Rxc6 Nxe5 24. dxe5 Ra1+ 25. Bf1 Bb7 26. Rb6 Ra7 27. c6 Bc8 28. Rb8 Rc7 29. Ba6 Rxc6 30. Rxc8+ Rxc8 31. Bxc8 Kf8 32. Kf1 Ke7 33. Ke2 f6 34. exf6+ gxf6 35. Kd3 e5 36. Bf5 h6 37. Kc3 Kd6 38. e4 d4+ 39. Kc4 h5 40. h4 Ke7 41. Bg6 Ke6 42. Bxh5 f5 43. Bg6 1-0

[Event "FIDE WCCC Open-08 2024"]
[Site "Montesilvano"]
[Date "2024.11.18"]
[Round "4.15"]
[White "Ulan, Rizat"]
[Black "Muratshin, Ramazan"]
[Result "1-0"]
[ECO "C06"]
[WhiteElo "1783"]
[BlackElo "1597"]
[Annotator "NA RC"]
[PlyCount "45"]
[EventDate "2024.11.18"]
[EventType "swiss"]
[EventCountry "ITA"]
[SourceTitle "playchess.com"]
[Source "ChessBase"]
[SourceQuality "1"]
[TimeControl "5400+30"]

1. e4 e6 2. d4 d5 3. Nd2 Nf6 4. e5 Nfd7 5. Bd3 c5 6. c3 Nc6 7. Ne2 cxd4 8. cxd4 Qb6 9. Nf3 Be7 10. O-O O-O 11. a3 Rd8 12. b4 a6 13. Bf4 Nf8 14. h4 Bd7 15. Bg5 Rac8 16. Qd2 Re8 17. Qf4 Ng6 18. Qg4 Qd8 19. h5 Nf8 20. Bh6 g6 21. Nf4 Kh8 22. Ng5 Kg8 23. Nxf7 1-0

[Event "FIDE WCCC Open-08 2024"]
[Site "Montesilvano"]
[Date "2024.11.18"]
[Round "4.16"]
[White "Jevglevski, Lev"]
[Black "Kuncoro, Leo"]
[Result "0-1"]
[ECO "B34"]
[WhiteElo "1602"]
[BlackElo "1726"]
[Annotator "NA RC"]
[PlyCount "28"]
[EventDate "2024.11.18"]
[EventType "swiss"]
[EventCountry "ITA"]
[SourceTitle "playchess.com"]
[Source "ChessBase"]
[SourceQuality "1"]
[TimeControl "5400+30"]

1. e4 c5 2. Nf3 Nc6 3. d4 cxd4 4. Nxd4 g6 5. Nc3 Bg7 6. Be3 Nf6 7. f3 O-O 8. Qd2 d5 9. O-O-O e6 10. g4 dxe4 11. g5 Nd5 12. Nxc6 bxc6 13. fxe4 Bxc3 14. bxc3 Qa5 0-1

[Event "FIDE WCCC Open-08 2024"]
[Site "Montesilvano"]
[Date "2024.11.18"]
[Round "4.17"]
[White "Singh, Ian Avery"]
[Black "Bakirli, Matin"]
[Result "1-0"]
[ECO "B42"]
[WhiteElo "1713"]
[BlackElo "1578"]
[Annotator "NA RC"]
[PlyCount "131"]
[EventDate "2024.11.18"]
[EventType "swiss"]
[EventCountry "ITA"]
[SourceTitle "playchess.com"]
[Source "ChessBase"]
[SourceQuality "1"]
[TimeControl "5400+30"]

1. e4 c5 2. Nf3 e6 3. d4 cxd4 4. Nxd4 a6 5. Bd3 Qc7 6. O-O Nf6 7. Qe2 Nc6 8. Nxc6 bxc6 9. c4 d6 10. Nc3 Be7 11. f4 e5 12. h3 O-O 13. f5 Nd7 14. Be3 Bb7 15. Rac1 c5 16. Nd5 Bxd5 17. cxd5 Qb7 18. Rc3 a5 19. Rb3 Qc7 20. Rb5 Rfb8 21. a4 Rc8 22. b3 f6 23. Rf3 Rf8 24. g4 Ra7 25. h4 Kf7 26. g5 Ke8 27. Rg3 fxg5 28. hxg5 g6 29. f6 Bd8 30. Qg4 Rf7 31. Qe6+ Kf8 32. Be2 Rb7 33. Rxb7 Qxb7 34. Qxd6+ Kg8 35. Bb5 Bb6 36. Bc6 Qa7 37. Bxd7 Rxd7 38. Qxe5 Rf7 39. Qe8+ Rf8 40. f7+ Qxf7 41. Qxf7+ Rxf7 42. Bf2 Kf8 43. Rc3 Re7 44. Rxc5 Bc7 45. Rc4 Bd6 46. Be1 Re5 47. Bxa5 Rxg5+ 48. Kf1 h5 49. Rc8+ Ke7 50. Bd8+ Kd7 51. Bxg5 Kxc8 52. Bf6 Kd7 53. Ke2 Bf4 54. a5 Kc7 55. b4 g5 56. a6 Kb6 57. b5 g4 58. e5 h4 59. e6 h3 60. e7 h2 61. e8=Q h1=Q 62. Qc6+ Ka5 63. Bc3+ Ka4 64. Qc4+ Ka3 65. Qb4+ Ka2 66. Qb2# 1-0

[Event "FIDE WCCC Open-08 2024"]
[Site "Montesilvano"]
[Date "2024.11.18"]
[Round "4.18"]
[White "Tuguldur, Baatarchuluun"]
[Black "Vo, Daniel"]
[Result "1-0"]
[ECO "B22"]
[WhiteElo "1590"]
[BlackElo "1711"]
[Annotator "NA RC"]
[PlyCount "117"]
[EventDate "2024.11.18"]
[EventType "swiss"]
[EventCountry "ITA"]
[SourceTitle "playchess.com"]
[Source "ChessBase"]
[SourceQuality "1"]
[TimeControl "5400+30"]

1. e4 c5 2. c3 d5 3. exd5 Qxd5 4. d4 Nc6 5. Nf3 Bg4 6. Be2 cxd4 7. cxd4 e6 8. Nc3 Bb4 9. O-O Qa5 10. Ne4 Bf5 11. Ng3 Bg6 12. a3 Nf6 13. Be3 Be7 14. Qb3 Qb6 15. Bb5 Nd5 16. Ne5 Rc8 17. Rac1 f6 18. Bxc6+ Rxc6 19. Qxb6 Rxb6 20. Rc8+ Bd8 21. Nc4 Rc6 22. Rxc6 bxc6 23. Rc1 Kd7 24. Nf1 Bc7 25. Nfd2 Rb8 26. b4 h5 27. Nb3 Be8 28. Nc5+ Ke7 29. Re1 Bf7 30. Bd2 g6 31. g3 Re8 32. Rb1 Nb6 33. Na5 Kd6 34. Bf4+ e5 35. dxe5+ fxe5 36. Bg5 Bb8 37. f4 e4 38. f5 Nd5 39. Rd1 Kc7 40. a4 e3 41. Bf4+ Nxf4 42. Rd7+ Kc8 43. Nxc6 Nd5 44. Rxf7 e2 45. Nd3 e1=Q+ 46. Nxe1 Rxe1+ 47. Kf2 Re8 48. fxg6 Bd6 49. Nxa7+ Kb8 50. Nc6+ Kc8 51. g7 Ne7 52. Nxe7+ Bxe7 53. Rxe7 Rg8 54. Rf7 Rxg7 55. Rxg7 Kb8 56. a5 Ka8 57. Ke3 Kb8 58. Kd4 Ka8 59. Kc5 1-0

[Event "FIDE WCCC Open-08 2024"]
[Site "Montesilvano"]
[Date "2024.11.18"]
[Round "4.19"]
[White "Kavish Palaniappan K"]
[Black "Meiyazhagan, Kaviinayan"]
[Result "1-0"]
[ECO "C54"]
[WhiteElo "1589"]
[BlackElo "1707"]
[Annotator "NA RC"]
[PlyCount "59"]
[EventDate "2024.11.18"]
[EventType "swiss"]
[EventCountry "ITA"]
[SourceTitle "playchess.com"]
[Source "ChessBase"]
[SourceQuality "1"]
[TimeControl "5400+30"]

1. e4 e5 2. Nf3 Nc6 3. Bc4 Bc5 4. c3 Nf6 5. d4 exd4 6. e5 d5 7. Bb5 Ne4 8. cxd4 Bb4+ 9. Bd2 Bxd2+ 10. Nbxd2 Bg4 11. Qc2 O-O 12. Bxc6 bxc6 13. Qxc6 Rb8 14. b3 Rb4 15. h3 Bf5 16. Qc1 Rb6 17. O-O Rg6 18. Kh2 Rh6 19. Kg1 Qd7 20. Nxe4 dxe4 21. Ng5 Qxd4 22. Qf4 Bg6 23. Rad1 Qb4 24. Rfe1 Qa5 25. Nxe4 Bxe4 26. Qxe4 Qxa2 27. Qc4 Rb6 28. Re3 c5 29. Rf3 Qb2 30. Qxf7+ 1-0

[Event "FIDE WCCC Open-08 2024"]
[Site "Montesilvano"]
[Date "2024.11.18"]
[Round "4.20"]
[White "Mohamed Fouad, Yahia"]
[Black "Kalinin, Bogdan"]
[Result "1/2-1/2"]
[ECO "A62"]
[WhiteElo "1705"]
[BlackElo "1548"]
[Annotator "NA RC"]
[PlyCount "86"]
[EventDate "2024.11.18"]
[EventType "swiss"]
[EventCountry "ITA"]
[SourceTitle "playchess.com"]
[Source "ChessBase"]
[SourceQuality "1"]
[TimeControl "5400+30"]

1. d4 Nf6 2. c4 c5 3. d5 e6 4. Nc3 exd5 5. cxd5 d6 6. Nf3 g6 7. g3 Bg7 8. Bg2 O-O 9. O-O Bg4 10. Bf4 Bxf3 11. Bxf3 Qd7 12. Qb3 Rc8 13. Nb5 c4 14. Qb4 a5 15. Qa4 Rc5 16. Nc3 b5 17. Qc2 Na6 18. a3 Rcc8 19. Rfd1 b4 20. axb4 axb4 21. Ne4 Nxe4 22. Bxe4 c3 23. b3 Nc5 24. Bf3 Qf5 25. e4 Qf6 26. Bg4 Re8 27. Bf3 Rxa1 28. Rxa1 g5 29. e5 dxe5 30. Be3 Qxf3 31. Bxc5 Qxd5 32. Bxb4 e4 33. Rd1 Qa8 34. Bc5 f5 35. Rd7 Qa1+ 36. Kg2 h5 37. Bb4 Bf6 38. Qe2 e3 39. Qxh5 Qa8+ 40. Kg1 exf2+ 41. Kxf2 Qa2+ 42. Kf1 Qb1+ 43. Rd1 c2 1/2-1/2

[Event "FIDE WCCC Open-08 2024"]
[Site "Montesilvano"]
[Date "2024.11.18"]
[Round "4.21"]
[White "Guo, Philipp Ziming"]
[Black "Mankovich, Yoav"]
[Result "1/2-1/2"]
[ECO "A58"]
[WhiteElo "2139"]
[BlackElo "1490"]
[Annotator "RC"]
[PlyCount "64"]
[EventDate "2024.11.18"]
[EventType "swiss"]
[EventCountry "ITA"]
[SourceTitle "playchess.com"]
[Source "ChessBase"]
[SourceQuality "1"]
[TimeControl "5400+30"]

1. d4 Nf6 2. c4 c5 3. d5 b5 4. cxb5 a6 5. e3 d6 6. Nc3 g6 7. Nf3 Bg7 8. Be2 O-O 9. O-O axb5 10. Bxb5 Ba6 11. Bxa6 Rxa6 12. Nd2 Nbd7 13. e4 Qa5 14. Nc4 Qb4 15. Qe2 Ra7 16. Bd2 Qb7 17. a4 Nb6 18. Nxb6 Qxb6 19. Nb5 Ra6 20. Ra2 Nd7 21. Rc1 Ne5 22. f4 Nd7 23. Be3 Re8 24. Nc7 Rxa4 25. Rxa4 Qxc7 26. b4 Rb8 27. bxc5 Nxc5 28. Bxc5 dxc5 29. e5 f6 30. Rac4 fxe5 31. Rxc5 Qb6 32. fxe5 Bh6 1/2-1/2

[Event "FIDE WCCC Open-08 2024"]
[Site "Montesilvano"]
[Date "2024.11.18"]
[Round "4.22"]
[White "Su, Milo"]
[Black "Reclik, Jakub"]
[Result "1-0"]
[ECO "B27"]
[WhiteElo "1696"]
[BlackElo "1458"]
[Annotator "NA RC"]
[PlyCount "129"]
[EventDate "2024.11.18"]
[EventType "swiss"]
[EventCountry "ITA"]
[SourceTitle "playchess.com"]
[Source "ChessBase"]
[SourceQuality "1"]
[TimeControl "5400+30"]

1. e4 c5 2. Nc3 g6 3. d4 cxd4 4. Qxd4 Nf6 5. Nf3 Nc6 6. Qa4 d6 7. e5 dxe5 8. Nxe5 Bd7 9. Nxd7 Qxd7 10. Be3 Bg7 11. Bb5 O-O 12. O-O Rfc8 13. Rad1 Qe8 14. Rfe1 a6 15. Bd3 b5 16. Qb3 Rcb8 17. Ne4 Nxe4 18. Bxe4 Rc8 19. Bg5 Ra7 20. Qe3 Rcc7 21. Bxc6 Qxc6 22. Rd8+ Bf8 23. Bh6 Rc8 24. Rxc8 Qxc8 25. Bxf8 Ra8 26. Bxe7 Qxc2 27. Bf6 Qc8 28. Rd1 Qf8 29. Qf3 Re8 30. Qc6 Rc8 31. Qxc8 Qxc8 32. Rd8+ Qxd8 33. Bxd8 Kf8 34. Bf6 Ke8 35. f3 Kd7 36. Kf2 Ke6 37. Bd4 Kd5 38. Ke3 f5 39. b3 a5 40. Kd3 a4 41. bxa4 bxa4 42. a3 h6 43. g4 h5 44. gxh5 gxh5 45. h3 Ke6 46. f4 Kd5 47. h4 Kc6 48. Kc4 Kd6 49. Kb4 Kd5 50. Bf6 Ke4 51. Kxa4 Kxf4 52. Kb4 Ke4 53. Bg5 f4 54. Bxf4 Kxf4 55. a4 Kg4 56. a5 Kxh4 57. a6 Kg3 58. a7 Kg2 59. a8=Q+ Kg3 60. Qh1 h4 61. Kc3 h3 62. Kd3 h2 63. Ke3 Kh3 64. Kf4 Kh4 65. Qxh2# 1-0

[Event "FIDE WCCC Open-08 2024"]
[Site "Montesilvano"]
[Date "2024.11.18"]
[Round "4.23"]
[White "Tokmachov, Daniel"]
[Black "Petrenko, Tymofii"]
[Result "0-1"]
[ECO "B22"]
[WhiteElo "1565"]
[BlackElo "1678"]
[Annotator "NA RC"]
[PlyCount "132"]
[EventDate "2024.11.18"]
[EventType "swiss"]
[EventCountry "ITA"]
[SourceTitle "playchess.com"]
[Source "ChessBase"]
[SourceQuality "1"]
[TimeControl "5400+30"]

1. e4 c5 2. c3 d5 3. exd5 Qxd5 4. d4 Nc6 5. Nf3 e6 6. Be3 Nf6 7. h3 Be7 8. Be2 O-O 9. O-O cxd4 10. Nxd4 Nxd4 11. Qxd4 Rd8 12. Rd1 Qa5 13. Qc4 Bd7 14. Nd2 Rac8 15. Qf4 Nd5 16. Qg3 Nxe3 17. fxe3 Bb5 18. Nb3 Rxd1+ 19. Bxd1 Qb6 20. Bc2 g6 21. Rd1 Rd8 22. Rxd8+ Bxd8 23. Kh1 Bc7 24. Qf2 Bc6 25. Bd3 Be5 26. Nd4 Bxd4 27. exd4 Qa5 28. a3 Qh5 29. Qe3 Qd5 30. Qg3 h5 31. h4 a5 32. Qf2 b5 33. Be2 Qe4 34. Bf3 Qf5 35. Kg1 Bd7 36. Bd1 Qe4 37. Bf3 Qf4 38. Bd1 Qd6 39. Qd2 Bc6 40. Qf2 Kg7 41. Bf3 Bd7 42. Bd1 Qd5 43. Qf3 Qa2 44. Qe2 Qa1 45. Qe5+ Kf8 46. Qe2 b4 47. Kf2 bxa3 48. bxa3 Qxc3 49. Qe3 Qb2+ 50. Ke1 Qa1 51. Kf2 Qxd1 52. Qe5 Qd2+ 53. Kg3 Qc3+ 54. Kh2 Qxa3 55. Qb8+ Ke7 56. Qb1 Qd6+ 57. g3 Qxd4 58. Qc1 Qf2+ 59. Kh1 Qf3+ 60. Kh2 Bc6 61. Qg5+ f6 62. Qc5+ Kf7 63. Qa7+ Bb7 64. Qg1 a4 65. g4 hxg4 66. h5 Qh3# 0-1

[Event "FIDE WCCC Open-08 2024"]
[Site "Montesilvano"]
[Date "2024.11.18"]
[Round "4.24"]
[White "Szumiec, Jan"]
[Black "Morozevich, Kirill Aleks"]
[Result "1-0"]
[ECO "C42"]
[WhiteElo "1678"]
[BlackElo "1484"]
[Annotator "NA RC"]
[PlyCount "53"]
[EventDate "2024.11.18"]
[EventType "swiss"]
[EventCountry "ITA"]
[SourceTitle "playchess.com"]
[Source "ChessBase"]
[SourceQuality "1"]
[TimeControl "5400+30"]

1. e4 e5 2. Nf3 Nf6 3. Nxe5 d6 4. Nf3 Nxe4 5. Nc3 Nxc3 6. dxc3 Be7 7. Be3 Nd7 8. Qd2 O-O 9. O-O-O Nf6 10. Bd3 Be6 11. Rhe1 c5 12. Bg5 Qa5 13. a3 b5 14. Qf4 Rab8 15. Qh4 c4 16. Bxf6 cxd3 17. Bxe7 dxc2 18. Rd2 Rfc8 19. Bxd6 Rb7 20. Qe4 Qa6 21. Ng5 g6 22. Nxe6 fxe6 23. Qxe6+ Rf7 24. Re3 b4 25. Rf3 Rcf8 26. Rxf7 Rxf7 27. Qe8+ 1-0